AoeStats
← TinselFan831357

MegaRandom

510385375Analyzed
2v2 RM · 2d ago on Sep 30, 2026· 55m 3s· 4 players
Game mode
Random Map
Map size
Medium (4 player)
Population
200
Speed
Normal
Resources
Standard
Victory
Conquest
Starting age
Dark Age
Ending age
Imperial Age
RankedLock teamsTeams togetherTeam positionsShared explorationLock speedFull tech treeHidden civsTurbo modeCheats
Victory
Defeat
🇸🇪 Wei · Sweden
740
+17
🇸🇪 Saracens · Sweden
740
+17
🇨🇴 Muisca · Colombia
765
-18
🇮🇪 Portuguese · Ireland
742
-16
DeadVrek
0:27 Loom
12:19 Feudal Age
13:40 Wheelbarrow
12:54 Double-Bit Axe
14:25 Fishing Lines
16:43 Stone Mining
16:35 Horse Collar
24:08 Castle Age
23:30 Fletching
24:06 Gold Mining
25:24 Hand Cart
26:33 Gold Shaft Mining
26:35 Stone Shaft Mining
26:03 Heavy Plow
26:16 Bow Saw
28:19 Tuntian
31:06 Scale Barding Armor
31:12 Forging
32:36 Scale Mail Armor
38:57 Imperial Age
37:30 Masonry
37:16 Murder Holes
37:01 Treadmill Crane
37:42 Ballistics
39:06 Town Watch
39:48 Chain Barding Armor
40:04 Iron Casting
40:27 Husbandry
40:37 Bloodlines
41:27 Ming Guang Armor
41:38 Hoardings
42:56 Blast Furnace
42:12 Chain Mail Armor
41:57 Padded Archer Armor
43:07 Crop Rotation
44:08 Town Patrol
44:43 Conscription
44:51 Heated Shot
45:13 Fortified Wall
46:41 Caravan
47:01 Leather Archer Armor
46:41 Bodkin Arrow
47:07 Fervor
47:12 Block Printing
47:23 Illumination
46:58 Devotion
47:35 Theocracy
47:20 Sanctity
49:04 Ring Archer Armor
48:34 Bracer
48:01 Elite Tiger Cavalry
48:08 Elite Tiger Cavalry
50:13 Heavy Hei Guang Cavalry
55:06 Faith
Codename |A|
0:30 Loom
11:37 Feudal Age
19:01 Castle Age
17:16 Double-Bit Axe
17:47 Horse Collar
19:31 Stone Mining
20:18 Wheelbarrow
19:40 Town Watch
20:23 Bow Saw
21:16 Forging
21:12 Scale Barding Armor
21:39 Heavy Plow
23:42 Gold Mining
25:01 Bloodlines
25:38 Husbandry
30:48 Imperial Age
29:59 Chain Barding Armor
30:43 Fletching
31:51 Iron Casting
32:05 Conscription
32:53 Hand Cart
33:49 Blast Furnace
33:43 Light Cavalry
35:01 Gold Shaft Mining
35:11 Elite Mameluke
37:30 Ballistics
38:47 Hoardings
39:41 Plate Barding Armor
41:34 Chemistry
40:40 Siege Engineers
40:31 Murder Holes
40:47 Masonry
40:57 Hussar
48:12 Fletching
TinselFan831357
11:58 Feudal Age
12:30 Double-Bit Axe
12:37 Champi Runner
14:00 Loom
14:24 Horse Collar
19:11 Forging
22:24 Castle Age
20:45 Fishing Lines
21:21 Stone Mining
22:39 Scale Mail Armor
24:49 Fervor
24:07 Champi Warrior
25:27 Squires
25:48 Chain Mail Armor
34:30 Imperial Age
34:05 Wheelbarrow
33:51 Gillnets
34:40 Herbalism
36:00 Conscription
35:16 Capped Ram
36:51 Elite Champi Warrior
40:21 Ballistics
40:25 Hand Cart
YaLittle-
2:18 Loom
13:45 Feudal Age
14:51 Horse Collar
14:59 Double-Bit Axe
16:29 Stone Mining
19:37 Fishing Lines
21:47 Wheelbarrow
21:07 Gold Mining
22:31 Fletching
25:11 Castle Age
26:16 Heavy Plow
26:29 Bow Saw
26:35 Medium Warships
29:00 Circumnavigation
29:51 Siphons
35:18 Imperial Age
37:36 Chemistry
36:58 Hand Cart
36:28 Town Watch
38:20 Siege Engineers
42:25 Arquebus
44:47 Elite Organ Gun
47:08 Two-Man Saw
47:11 Treadmill Crane
Connection lost

Rejoining the realm…

Still unreachable

The connection could not be restored.

Session expired

The server has moved on; the page needs a fresh start.